 Dungeon Crawl Stone Soup version 0.28.0-43-g3370ac3207 (console) character file.

Game seed: 4110806927470589624

575 Zeor the Archer (level 7, -6/41 HPs)
             Began as a Tengu Hunter on Mar 26, 2022.
             Was a Believer of Zin.
             Mangled by a wyvern (18 damage)
             ... on level 4 of the Dungeon.
             The game lasted 00:12:19 (4613 turns).

Zeor the Archer (Tengu Hunter)                      Turns: 4613, Time: 00:12:20

Health: -6/41      AC:  5    Str: 14    XL:     7   Next: 35%
Magic:  7/9        EV: 16    Int: 12    God:    Zin [**....]
Gold:   213        SH:  0    Dex: 17    Spells: 6/6 levels left

rFire   . . .      SeeInvis .   a - +2 shortbow
rCold   . . .      Faith    .   (shield currently unavailable)
rNeg    . . .      Spirit   .   c - +0 leather armour
rPois   ∞          Reflect  .   (helmet restricted)
rElec   .          Harm     .   (no cloak)
rCorr   .          Rampage  .   h - +1 pair of gloves
Will    .....                   (boots unavailable)
Stlth   ++........              (no amulet)
HPRegen 0.13/turn               (no ring)
MPRegen 0.11/turn               (no ring)

@: vitalised, flying quickly and evasively, studying Bows, quick
A: beak, talons 3, nimble flight
a: Renounce Religion, Recite, Vitalisation, Donate Gold


You were on level 4 of the Dungeon.
You worshipped Zin.
Zin was pleased with you.
You visited 1 branch of the dungeon, and saw 5 of its levels.

You collected 236 gold pieces.
You donated 23 gold pieces to Zin.

Inventory:

Hand Weapons
 a - a +2 shortbow (weapon)
 b - a +1 whip of electrocution
 i - a +0 short sword
 j - a +0 falchion
 k - a +1 hand crossbow of flaming
Missiles
 d - 27 arrows (quivered ammo)
 o - 10 bolts
Armour
 c - a +0 leather armour (worn)
 h - a +1 pair of gloves (worn)
Jewellery
 e - a ring of fire
Wands
 l - a wand of iceblast (12)
Scrolls
 m - 3 scrolls of enchant armour
 n - a scroll of fog
 p - a scroll of identify
Potions
 f - a potion of curing
 g - a potion of invisibility


   Skills:
 + Level 3.1 Fighting
 + Level 1.1 Maces & Flails
 + Level 8.8 Bows
 + Level 1.9 Armour
 * Level 4.0 Dodging
 - Level 1.0 Stealth
 * Level 2.3 Invocations


You had 6 spell levels left.
You didn't know any spells.
Your spell library contained the following spells:

 Spells                   Type           Power      Damage    Failure   Level
 Apportation              Tloc           0%         N/A       38%         1
 Corpse Rot               Necr/Air       0%         N/A       52%         2
 Poisonous Vapours        Pois/Air       0%         N/A       52%         2
 Dazzling Flash           Conj/Hex       0%         N/A       77%         3
 Stone Arrow              Conj/Erth      0%         3d7       77%         3
 Animate Armour           Summ/Erth      0%         N/A       99%         4
 Iskenderun's Mystic Bla  Conj/Tloc      0%         2d3       99%         4
 Alistair's Intoxication  Tmut/Pois      0%         N/A       100%        5
 Starburst                Conj/Fire      0%         6d3       100%        6
 Lehudib's Crystal Spear  Conj/Erth      0%         10d2      100%        8


Dungeon Overview and Level Annotations

Branches:
Dungeon (5/15)
 Temple: D:4-7

Altars:
Zin

Shops:
D:1 *   D:4 :

Annotations:
D:4 3 runed translucent doors, tizbic2's ghost, amateur GnAM
D:5 Sigmund


Innate Abilities, Weirdness & Mutations

You have a beak for a mouth.
You have claws for feet.
Your magical nature lets you fly swiftly and evasively.


Message History

Found an escape hatch in the floor.
Found a thick glowing staff.
Sigmund the Dreaded comes into view.
He is wielding a +0 scythe.
Found 15 gold pieces and a pair of boots.
Found 11 stones.
A wyvern is nearby!
The wyvern hisses angrily.
Things that are here:
a +0 robe; a +0 war axe The wyvern bites you!
There is a stone staircase leading up, spattered with blood here.
The wyvern misses you.
You fly upwards.
Level annotation: 3 runed translucent doors, tizbic2's ghost, amateur GnAM
There is a stone staircase leading down here.
You shoot an arrow. The arrow barely misses the wyvern.
The wyvern bites you!
Okay, then.
Zin grants you divine stamina. The wyvern closely misses you.
The wyvern misses you.
You shoot an arrow. The arrow hits the wyvern.
The wyvern is moderately wounded.
The wyvern misses you.
You shoot an arrow. The arrow barely misses the wyvern.
The wyvern closely misses you.
You shoot an arrow. The arrow hits the wyvern.
The wyvern is moderately wounded.
The wyvern completely misses you. The wyvern closely misses you.
You shoot an arrow. The arrow hits the wyvern!
The wyvern is severely wounded.
The wyvern misses you.
You shoot an arrow. The arrow closely misses the wyvern.
The wyvern bites you!
* * * LOW HITPOINT WARNING * * *
You are too injured to fight recklessly!
Fire: 28 arrows
Press: ? - help, Q - select action, (/) - cycle Shift-Dir - straight line, f/p - wyvern
Aim: a wyvern (severely wounded, 67% to hit)
You shoot an arrow. The arrow hits the wyvern.
The wyvern is severely wounded.
The wyvern closely misses you. The wyvern bites you!!
You die...

▒▒▒∙▒∙▒▒▒∙▒ ▒▒∙∙∙∙∙▒▒ ▒▒▒
▒∙∙∙∙∙∙∙∙∙▒ ▒▒∙∙∙∙∙∙∙▒▒ ▒▒∙▒
▒∙▒▒▒▒▒▒▒∙▒▒▒▒∙∙∙∙∙∙∙∙∙▒▒▒▒∙∙∙
▒∙▒ ▒∙∙∙∙■∙∙∙∙∙∙∙>∙'∙∙∙∙∙∙ ▒∙▒
▒∙▒▒▒▒∙∙∙≈∙≈∙∙∙▒▒▒▒∙∙∙ ▒∙▒ ▒∙▒
▒▒∙≈≈∙≈≈∙▒▒ ▒▒∙▒ ▒∙▒ ▒∙▒
▒▒≈≈∩≈≈▒▒ ▒▒▒ ▒∙▒
▒∙▒▒▒▒▒▒≈≈≈≈≈▒ ▒
▒∙▒▒▒▒▒▒▒∙▒▒lQ∙∙∙≈≈≈▒▒ ▒
▒∙∙∙∙∙∙∙∙∙▒▒∙▒▒▒▒∙∙▒▒ ▒
▒▒∙▒▒▒∙∙▒▒▒▒∙▒ ▒∙∙▒ ▒ ▒)▒
▒∙∙▒▒▒▒∙▒▒ ▒∙∙▒▒ ▒ ▒∙▒
▒∙∙∙∙∙∙∙∙▒▒▒∙∙∙▒▒▒▒▒▒▒ ▒ ▒∙▒
▒▒∙▒▒▒▒∙∙∙∙∙∙∙∙∙∙∙∙∙∙▒ ▒
▒∙▒▒▒▒∙▒ ▒∙∙∙∙∙∙∙∙∙∙∙∙∙∙▒▒▒▒
▒∙∙∙∙∙∙▒ ▒∙∙∙▒▒▒∙▒▒∙∙∙∙∙∙∙∙∙
▒▒▒▒▒▒▒▒ ▒▒▒▒▒ ▒∙▒▒∙∙∙∙∙▒▒▒▒


You could see a wyvern.

Vanquished Creatures
  Blork the orc (D:5)
  A bullfrog (D:4)
  A water moccasin skeleton (D:4)
  A howler monkey (D:4)
  2 orc priests
  A centaur skeleton (D:4)
  A hound (D:4)
  A bullfrog skeleton (D:5)
  2 iguanas (D:4)
  A hound zombie (D:5)
  A hound skeleton (D:4)
  A gnoll (D:1)
  5 adders
  A white imp (D:5)
  A worm (D:4)
  2 dart slugs
  9 orcs
  A bat (D:3)
  3 endoplasms
  A giant cockroach (D:2)
  3 goblins
  A hobgoblin (D:1)
  6 kobolds
  A quokka (D:1)
  3 ball pythons
  3 frilled lizards
  A quokka skeleton (D:4)
  6 rats
61 creatures vanquished.

Notes
Turn   | Place    | Note
-------+----------+-------------------------------------------
     0 | D:1      | Zeor the Tengu Hunter began the quest for the Orb.
     0 | D:1      | Reached XP level 1. HP: 12/12 MP: 2/2
   255 | D:1      | Found a faded altar of an unknown god.
   264 | D:1      | Found Paryek's Assorted Antiques.
   426 | D:1      | Reached XP level 2. HP: 17/17 MP: 3/3
   480 | D:1      | Reached skill level 5 in Bows
   484 | D:1      | Reached XP level 3. HP: 14/21 MP: 4/4
  1126 | D:2      | Identified a scroll of acquirement
  1126 | D:2      | Acquired a manual of Bows
  1216 | D:2      | Found a glowing silver altar of Zin.
  1240 | D:2      | Became a worshipper of Zin the Law-Giver
  1240 | D:2      | Reached * piety under Zin
  1416 | D:3      | Reached XP level 4. HP: 26/26 MP: 5/5
  2127 | D:4      | Reached skill level 6 in Bows
  2127 | D:4      | Reached skill level 1 in Armour
  2127 | D:4      | Reached skill level 1 in Invocations
  2127 | D:4      | Gained mutation: Your magical nature lets you fly swiftly
                  | and evasively. [Tengu growth]
  2127 | D:4      | Reached XP level 5. HP: 31/31 MP: 6/6
  2280 | D:4      | Reached skill level 7 in Bows
  2384 | D:4      | Reached XP level 6. HP: 36/36 MP: 8/8
  2533 | D:4      | Reached ** piety under Zin
  2591 | D:4      | Found Feig's Book Shoppe.
  3197 | D:4      | Reached skill level 8 in Bows
  3295 | D:4      | Found a runed translucent gate.
  3295 | D:4      | Found a runed translucent gate.
  3295 | D:4      | Found a runed translucent gate.
  3301 | D:4      | Noticed tizbic2's ghost (amateur GnAM)
  3586 | D:5      | Entered Level 5 of the Dungeon
  3586 | D:5      | Noticed Blork the orc
  3594 | D:5      | Killed Blork the orc
  3595 | D:5      | Reached skill level 1 in Maces & Flails
  3595 | D:5      | Reached XP level 7. HP: 32/41 MP: 9/9
  3931 | D:5      | Noticed a wyvern
  4547 | D:5      | Noticed Sigmund
  4613 | D:4      | Mangled by a wyvern

Illustrated notes

Levels and vault maps discovered:
D:1:      sevenhm_arrival_forest_fort_small_4, layout_basic,
          shapermc_ecumenical_altar_acropolis, serial_shops,
          nicolae_shop_window_shopping, minmay_close_crescents
D:2:      layout_rooms, basic_altar
D:3:      layout_loops_ring, minmay_misc_feat_secret_circle
D:4:      layout_loops_corners, gammafunk_ghost_necromancy, serial_shops,
          nicolae_shop_waterfront, kennysheep_generic_room_10
D:5:      layout_rooms, kennysheep_dice, uniq_sigmund, uniq_blork_the_orc

Skill      XL: |  1  2  3  4  5  6  7 |
---------------+----------------------+-----
Bows           | 5 6 7 8 |  8.8
Armour         | 1 |  1.9
Dodging        | 3 4 |  4.0
Invocations    | 1 2 |  2.3
Fighting       | 3 |  3.1
Maces & Flails | 1 |  1.1
Stealth        | |  1.0

Action                   |  1- 3 |  4- 6 |  7- 9 || total
-------------------------+-------+-------+-------++-------
Melee: Short sword       |     8 |       |       ||     8
       Kick              |     2 |     7 |     6 ||    15
       Peck              |     1 |     5 |     7 ||    13
       Whip              |       |    24 |    38 ||    62
       Punch             |       |     1 |     1 ||     2
 Fire: Shortbow          |    47 |    73 |    34 ||   154
Invok: Recite            |       |     1 |     1 ||     2
       Vitalisation      |       |       |     1 ||     1
  Use: Scroll            |     1 |     7 |     1 ||     9
       Potion            |       |       |     2 ||     2
 Stab: Confused          |       |       |     1 ||     1
Armor: Leather armour    |     2 |     2 |     9 ||    13
Dodge: Dodged            |    10 |    25 |    33 ||    68
